Map: Oxide LE

Players

Denver - Winner!

  • Race: Zerg Zerg

Lilbow

  • Race: Protoss Protoss

Event: DreamHack SC2 Masters 2021 Fall

VOD

Have the link to the VOD?

Description

Time

  • Played on: Aug. 5, 2021, 1:32 p.m.
  • Length: 8:12

All games in this series

Show
View Real Time Build Order
Export as new Build Order

Denver Zerg - Winner!

Build Orders: Hatch First 

Get SALT Encoding   

  12  0:00  Drone  
  13  0:12  Overlord  
  13  0:17  Drone  
  14  0:31  Drone x2  
  16  0:51  Hatchery  
  16  0:52  Drone  
  16  0:55  Drone  
  17  0:58  Drone  
  18  1:09  Extractor  
  17  1:15  Spawning Pool  
  17  1:18  Drone  
  17  1:22  Drone  
  18  1:28  Drone  
  19  1:39  Drone  
  20  1:49  Overlord  
  20  2:02  Queen x2  
  20  2:03  Zergling x4  
  26  2:12  Metabolic Boost  
  26  2:14  Drone  
  27  2:15  Drone  
  28  2:23  Drone  
  28  2:26  Drone  
  30  2:38  Hatchery  
  30  2:41  Drone  
  30  2:47  Queen  
  32  2:52  Overlord  
  32  3:01  Spore Crawler  
  32  3:02  Drone  
  32  3:03  Drone x2  
  33  3:08  Overlord  
  33  3:13  Drone  
  33  3:14  Drone  
  33  3:16  Zergling x2  
  33  3:17  Zergling x2  
  33  3:19  Zergling x2  
  38  3:23  Drone  
  38  3:24  Drone  
  38  3:26  Drone  
  41  3:33  Spore Crawler  
  41  3:34  Drone x2  
  41  3:35  Drone  
  43  3:43  Drone  
  44  3:49  Queen  
  44  3:52  Drone x4  
  49  4:02  Overlord  
  48  4:08  Overlord  
  48  4:11  Queen  
  48  4:12  Spore Crawler  
  48  4:13  Overlord  
  49  4:21  Drone x6  
  55  4:26  Extractor  
  55  4:28  Roach Warren  
  55  4:30  Drone  
  55  4:31  Drone x2  
  56  4:37  Spore Crawler  
  56  4:38  Drone x3  
  57  4:42  Queen  
  59  4:46  Drone x2  
  59  4:50  Drone  
  59  4:51  Drone x2  
  62  4:58  Overlord  
  62  5:03  Overlord  
  62  5:06  Zergling x6  
  65  5:10  Roach x4  
  65  5:12  Overlord  
  73  5:18  Roach x3  
  73  5:19  Roach  
  81  5:25  Lair, Overlord  
  81  5:30  Zergling x8  
  81  5:31  Zergling x2  
  81  5:32  Ravager x2  
  88  5:36  Queen  
  89  5:44  Zergling x2  
  89  5:45  Zergling x12  
  93  5:50  Ravager  
  94  6:02  Queen  
  96  6:05  Zergling x14  
  97  6:11  Queen  
  97  6:12  Ravager  
  97  6:17  Zergling x2  
  97  6:18  Zergling x10  
  100  6:23  Drone  
  101  6:29  Extractor  
  98  6:33  Drone x4  
  98  6:36  Queen  
  104  6:40  Queen  
  104  6:45  Drone x6  
  104  6:47  Queen  
  104  6:56  Extractor  
  104  6:57  Extractor  
  104  6:58  Drone  
  96  7:03  Overlord  
  96  7:04  Extractor  
  96  7:05  Overlord  
  91  7:10  Zergling x2  
  91  7:11  Zergling x10, Queen  
  94  7:15  Drone  
  94  7:16  Queen  
  94  7:17  Hatchery  
  94  7:18  Spire  
  91  7:23  Queen  
  91  7:25  Drone x2  
  91  7:32  Drone x3  
  94  7:37  Drone x2  
  93  7:49  Drone x8  
Show
View Real Time Build Order
Export as new Build Order

Lilbow Protoss 

Build Orders: 1 Gate Expand, Oracle Opening 

Get SALT Encoding   

  12  0:00  Probe  
  13  0:13  Pylon  
  13  0:17  Probe (Chrono Boost)  
  14  0:26  Probe (Chrono Boost)  
  15  0:31  Probe (Chrono Boost)  
  16  0:42  Gateway  
  16  0:44  Probe  
  16  0:49  Assimilator  
  17  0:56  Probe  
  18  1:08  Probe  
  19  1:20  Probe  
  20  1:29  Nexus  
  20  1:37  Cybernetics Core  
  20  1:40  Probe  
  20  1:46  Assimilator  
  21  1:52  Probe  
  22  1:56  Pylon  
  22  2:04  Probe  
  23  2:11  Adept (Chrono Boost)  
  25  2:16  Probe  
  25  2:19  Stargate  
  26  2:28  Probe  
  27  2:31  Adept (Chrono Boost)  
  27  2:34  Warp Gate  
  29  2:41  Probe (Chrono Boost)  
  31  2:45  Probe (Chrono Boost)  
  32  2:51  Probe (Chrono Boost)  
  32  2:54  Adept  
  32  2:55  Probe (Chrono Boost)  
  32  2:56  Probe (Chrono Boost)  
  32  2:58  Void Ray (Chrono Boost)  
  36  3:05  Probe  
  37  3:12  Probe  
  42  3:16  Pylon  
  42  3:17  Probe  
  43  3:21  Gateway  
  43  3:24  Probe  
  44  3:29  Probe  
  44  3:33  Oracle  
  45  3:36  Probe  
  49  3:41  Probe  
  50  3:48  Probe  
  50  3:53  Probe  
  52  3:55  Nexus  
  52  4:00  Pylon, Probe  
  53  4:05  Assimilator, Probe  
  53  4:07  Assimilator  
  54  4:18  Stargate, Probe x2  
  54  4:22  Robotics Facility  
  56  4:30  Probe x2  
  58  4:32  Pylon  
  58  4:35  Void Ray  
  62  4:50  Probe x2 (Chrono Boost)  
  64  4:57  Void Ray  
  64  5:00  Shield Battery  
  64  5:02  Shield Battery, Probe x2 (Chrono Boost)  
  70  5:08  Probe x2 (Chrono Boost)  
  70  5:09  Robotics Bay, Probe (Chrono Boost)  
  73  5:16  Forge  
  73  5:20  Probe (Chrono Boost)  
  76  5:21  Probe x2 (Chrono Boost)  
  76  5:24  Probe (Chrono Boost)  
  76  5:26  Adept  
  76  5:27  Adept  
  76  5:28  Probe x2  
  83  5:31  Shield Battery  
  83  5:34  Probe  
  84  5:40  Probe  
  85  5:43  Shield Battery  
  85  5:44  Shield Battery  
  85  5:49  Shield Battery x2  
  85  5:51  Shield Battery  
  85  5:52  Probe  
  85  5:53  Shield Battery  
  85  5:55  Shield Battery  
  83  5:57  Void Ray (Chrono Boost)  
  83  6:01  Disruptor (Chrono Boost)  
  83  6:06  Zealot  
  83  6:10  Zealot  
  77  6:13  Shield Battery  
  77  6:14  Shield Battery  
  60  6:26  Void Ray  
  60  6:27  Probe x2  
  60  6:28  Probe  
  67  6:34  Disruptor (Chrono Boost)  
  67  6:39  Probe  
  71  6:41  Zealot x2  
  71  6:43  Probe  
  71  6:45  Probe  
  75  6:52  Probe  
  72  6:58  Disruptor (Chrono Boost)  
  69  7:07  Void Ray (Chrono Boost)  
  69  7:08  Probe  
  69  7:12  Void Ray (Chrono Boost)  
  64  7:20  Probe  
  64  7:23  Probe  
  63  7:32  Probe  
  63  7:35  Probe  
  65  7:55  Pylon x2  
  65  7:57  Nexus  

Tags
 
Add a new tag
Caveats
  • Supply blocks, unpowered buildings, or Contaminate may cause inaccurate times.
  • Supply counts are checked every 10 seconds.